 Dungeon Crawl Stone Soup version 0.17.0-7-gfadd4cc (webtiles) character file.

674 Leibowitz the Ducker (level 7, -3/41 HPs)
             Began as a Kobold Gladiator on Nov 8, 2015.
             Slain by Arkorax's ghost (16 damage)
             ... on level 6 of the Dungeon.
             The game lasted 00:21:56 (6180 turns).

Leibowitz the Ducker (Kobold Gladiator)             Turns: 6180, Time: 00:21:56

Health: -3/41      AC:  5    Str: 13    XL:     7   Next: 90%
Magic:  16/16      EV: 25    Int:  6    God:
Gold:   263        SH:  0    Dex: 24    Spells: 0 memorised, 6 levels left

rFire  . . .     SeeInvis .     a - +0 rapier
rCold  . . .     Clarity  .     k - +0 leather armour
rNeg   . . .     SustAt   .     (shield restricted)
rPois  .         Gourm    .     c - +0 helmet
rElec  .         Spirit   .     (no cloak)
rCorr  .         Warding  .     q - +0 pair of gloves
rMut   .         Stasis   .     (no boots)
MR     .....                    (no amulet)
Stlth  +++++.....               (no ring)
                                m - ring of magical power

@: agile, not resistant to hostile enchantments, quite stealthy
A: carnivore 3
a: no special abilities


You were on level 6 of the Dungeon.
You were very full.

You visited 1 branch of the dungeon, and saw 6 of its levels.
You also visited: Sewer.

You collected 263 gold pieces.

Inventory:

Hand Weapons
 a - a +0 rapier (weapon)
 b - a +0 blowgun
Missiles
 d - a throwing net (quivered)
 j - 19 poisoned needles
Armour
 c - a +0 helmet (worn)
 k - a +0 leather armour (worn)
 q - a +0 pair of gloves (worn)
Jewellery
 e - an uncursed ring of fire
 m - a ring of magical power (left hand)
 n - an uncursed amulet of stasis
 p - an uncursed ring of fire
Wands
 t - a wand of random effects (16)
 u - a wand of disintegration (9)
 v - a wand of lightning (7)
Scrolls
 g - 3 scrolls of identify
 h - 2 scrolls of enchant armour
 l - a scroll of fear
 r - 5 scrolls of remove curse
 s - a scroll of recharging
Potions
 f - a potion of flight
 i - a potion of brilliance


   Skills:
 + Level 3.4 Fighting
 + Level 5.7 Short Blades
 + Level 2.8 Throwing
 + Level 2.4 Armour
 + Level 6.1 Dodging
 + Level 5.7 Stealth
 + Level 0.2 Evocations


You had 6 spell levels left.
You didn't know any spells.

Dungeon Overview and Level Annotations

Branches:
Dungeon (6/15)
 Temple: D:4-7

Altars:
Cheibriados
Ru

Shops:
D:4 *

Portals:
Ossuary: D:6

Annotations:
D:5 2d6's ghost, novice DDWn
D:6 Arkorax's ghost, novice GrMo


Innate Abilities, Weirdness & Mutations

You are small and have problems with some larger weapons.
You are carnivorous and can eat meat at any time.


Message History

Arkorax's ghost is heavily damaged.
Arkorax's ghost hits you!
* * * LOW HITPOINT WARNING * * *
You closely miss Arkorax's ghost.
Arkorax's ghost is heavily damaged.
Arkorax's ghost hits you.
* * * LOW HITPOINT WARNING * * *
Drink which item? (? for menu, Esc to quit)
You feel agile all of a sudden. Arkorax's ghost completely misses you.
You hit Arkorax's ghost but do no damage.
Arkorax's ghost is heavily damaged.
Arkorax's ghost barely misses you.
You completely miss Arkorax's ghost.
Arkorax's ghost is heavily damaged.
Arkorax's ghost barely misses you.
You hear the slow hiss of an avalanche of sand.
Arkorax's ghost hits you but does no damage.
Arkorax's ghost hits you!
You die...

..# #....... .#. ###.#
#....8###..8. ....#
#.........##. ....#
#............
....#########....#∩......
.................#.#...##
.................### .##
.................8## #
#'##............@..#
...#.............W.#####
..<#########'###.......#
....#..........#.......#
....#..........#.......#
##.##..##.######.......#
.#.##..##.####.#########
.#..........'....#
.'..........#....#


You could see Arkorax's ghost.

Vanquished Creatures
  An ogre (D:6)
  A black bear (D:6)
  A centaur (D:5)
  2 giant frogs (Sewer)
  A giant frog skeleton (D:4)
  2 worker ants (D:4)
  Natasha (twice) (D:3)
  Robin (D:3)
  6 adders
  2 oozes
  2 worms
  11 giant geckos
  3 orcs
  6 ball pythons
  10 giant cockroaches
  11 goblins
  6 hobgoblins
  8 kobolds
  3 quokkas
  6 bats
  A giant gecko skeleton (D:4)
  9 giant newts
  10 jackals
  7 rats
112 creatures vanquished.

Notes
Turn   | Place    | Note
--------------------------------------------------------------
     0 | D:1      | Leibowitz the Kobold Gladiator began the quest for the Orb.
     0 | D:1      | Reached XP level 1. HP: 12/12 MP: 1/1
   368 | D:1      | Reached XP level 2. HP: 5/17 MP: 2/2
   855 | D:1      | Reached XP level 3. HP: 17/21 MP: 3/3
  2240 | D:2      | Reached skill level 1 in Armour
  2240 | D:2      | Reached XP level 4. HP: 24/27 MP: 4/4
  2247 | D:2      | Reached skill level 1 in Stealth
  2412 | D:2      | Found a snail-covered altar of Cheibriados.
  2773 | D:3      | Noticed Robin
  3002 | D:3      | Found a glowing drain.
  3010 | Sewer    | Entered a sewer
  3238 | Sewer    | Reached skill level 5 in Short Blades
  3238 | Sewer    | Reached XP level 5. HP: 31/31 MP: 5/5
  3607 | Sewer    | Noticed a giant frog
  3610 | Sewer    | Noticed a giant frog
  3622 | Sewer    | Killed a giant frog
  3622 | Sewer    | Reached skill level 5 in Dodging
  3637 | Sewer    | Killed a giant frog
  3637 | Sewer    | Reached XP level 6. HP: 2/36 MP: 6/6
  4222 | D:3      | Noticed Natasha
  4233 | D:3      | Killed Natasha
  4596 | D:3      | Killed Robin
  5050 | D:3      | Noticed Natasha
  5058 | D:3      | Killed Natasha
  5146 | D:4      | Found Iloxabol's General Store.
  5244 | D:4      | Reached XP level 7. HP: 40/40 MP: 7/7
  5273 | D:4      | Found a sacrificial altar of Ru.
  5672 | D:5      | Entered Level 5 of the Dungeon
  5915 | D:5      | Noticed 2d6's ghost (novice DDWn)
  6058 | D:6      | Reached skill level 5 in Stealth
  6106 | D:6      | Reached skill level 6 in Dodging
  6157 | D:6      | Noticed Arkorax's ghost (novice GrMo)
  6159 | D:6      | Found a sand-covered staircase.
  6180 | D:6      | Slain by Arkorax's ghost

Action                   |  1- 3 |  4- 6 |  7- 9 || total
-------------------------+-------+-------+-------++-------
Melee: Rapier            |   144 |   253 |    88 ||   485
 Fire: Blowgun           |       |     5 |       ||     5
Throw: Throwing net      |     5 |    11 |       ||    16
Evoke: Wand              |       |       |     4 ||     4
  Use: Potion            |     5 |     1 |     3 ||     9
       Scroll            |     6 |     3 |     1 ||    10
 Stab: Held in net/web   |       |     7 |       ||     7
       Sleeping          |       |     5 |     4 ||     9
       Fleeing           |       |     1 |       ||     1
       Confused          |       |       |     1 ||     1
  Eat: Chunk             |    12 |     7 |     3 ||    22
       Meat ration       |       |     1 |       ||     1
